General information
- name: BNet
- type: Ladder team game (AT/RT)
- host: Battle.net
- saver: AKA-FREAK.
map: FullScaleAssault
- players: 8
- length: 59:08
- speed: Fast
- version: 1.26 W3XP
- replay type: Public
» download(317 KB)
Players
team 1 (loser)
sj_408 (
orange | 39 APM | 2289 actions | 59:08)
5 Paladin
3 Devotion Aura
1 Holy Light
1 Divine Shield
» actions
| Basic commands | 151 | |
| Build / train | 165 | |
| ESC pressed | 18 | |
| Enter build submenu | 37 | |
| Enter hero's abilities submenu | 5 | |
| Right click | 1355 | |
| Select / deselect | 470 | |
| Use ability | 88 | |
2289 total
» units
| Peasant | 25 | |
| Footman | 7 | |
| Rifleman | 10 | |
| Sorceress | 1 | |
| Priest | 7 | |
| Mortar Team | 51 | |
| Flying Machine | 43 | |
144 total
» upgrades
| Gunpowder | 3 | |
| Long Rifles | 1 | |
| Lumber Harvesting | 1 | |
| Armor | 3 | |
| Flak Cannons | 1 | |
| Flying Machine Bombs | 1 | |
| Fragmentation Shards | 1 | |
11 total
» buildings
| Altar of Kings | 1 | |
| Farm | 19 | |
| Barracks | 2 | |
| Arcane Vault | 1 | |
| Lumber Mill | 3 | |
| Blacksmith | 1 | |
| Keep | 1 | |
| Town Hall | 1 | |
| Arcane Sanctum | 2 | |
| Workshop | 3 | |
| Scout Tower | 10 | |
| Guard Tower | 2 | |
| Castle | 1 | |
47 total
» build order
00:05 Altar of Kings
00:07 Farm
00:27 Farm
00:30 Barracks
01:07 Arcane Vault
01:36 Farm
01:44 Lumber Mill
01:54 Lumber Mill
02:31 Blacksmith
03:44 Keep
04:10 Barracks
04:42 Farm
05:27 Town Hall
05:39 Farm
06:24 Arcane Sanctum
08:37 Arcane Sanctum
08:49 Farm
09:25 Farm
09:26 Farm
10:49 Workshop
10:54 Farm
11:44 Workshop
11:48 Scout Tower
11:49 Scout Tower
11:50 Scout Tower
11:51 Scout Tower
11:52 Scout Tower
11:53 Scout Tower
11:54 Scout Tower
11:55 Scout Tower
13:08 Guard Tower
13:12 Farm
13:13 Farm
13:14 Farm
19:20 Farm
19:25 Guard Tower
24:47 Castle
26:52 Workshop
28:44 Scout Tower
28:45 Scout Tower
28:53 Lumber Mill
41:13 Farm
41:16 Farm
41:18 Farm
46:40 Farm
47:32 Farm
48:24 Farm
AKA-FREAK. (
blue | 54 APM | 3219 actions | 59:08)
8 Archmage
2 Summon Water Elemental
3 Brilliance Aura
2 Blizzard
1 Mass Teleport
» actions
| Assign group hotkey | 126 | |
| Basic commands | 86 | |
| Build / train | 112 | |
| Enter build submenu | 27 | |
| Enter hero's abilities submenu | 8 | |
| Give item / drop item | 9 | |
| Remove unit from queue | 4 | |
| Right click | 1188 | |
| Select / deselect | 446 | |
| Select group hotkey | 963 | |
| Use ability | 247 | |
3219 total
» units
| Peasant | 29 | |
| Footman | 4 | |
| Goblin Shredder | 2 | |
| Gryphon Rider | 4 | |
| Sorceress | 1 | |
| Goblin Zeppelin | 4 | |
| Blue Dragon | 1 | |
| Blue Dragon Whelp | 1 | |
| Blue Drake | 1 | |
| Goblin Sapper | 4 | |
51 total
» upgrades
| Masonry | 3 | |
| Lumber Harvesting | 1 | |
| Storm Hammers | 1 | |
| Swords | 3 | |
| Armor | 3 | |
| Animal War Training | 1 | |
| Cloud | 2 | |
| Sorceress Training | 2 | |
16 total
» buildings
| Altar of Kings | 1 | |
| Barracks | 1 | |
| Farm | 12 | |
| Scout Tower | 26 | |
| Lumber Mill | 1 | |
| Arcane Tower | 1 | |
| Arcane Vault | 2 | |
| Town Hall | 4 | |
| Keep | 4 | |
| Guard Tower | 7 | |
| Gryphon Aviary | 7 | |
| Castle | 2 | |
| Blacksmith | 1 | |
| Arcane Sanctum | 1 | |
70 total
» build order
00:09 Altar of Kings
00:21 Barracks
00:36 Farm
00:53 Farm
01:32 Farm
01:35 Scout Tower
01:55 Lumber Mill
02:04 Arcane Tower
02:19 Arcane Vault
03:09 Farm
04:01 Town Hall
04:54 Farm
05:43 Town Hall
06:39 Keep
06:43 Scout Tower
06:43 Scout Tower
06:44 Scout Tower
06:44 Scout Tower
06:45 Scout Tower
07:16 Farm
07:20 Guard Tower
07:43 Scout Tower
07:43 Scout Tower
07:44 Scout Tower
07:45 Scout Tower
08:18 Scout Tower
08:18 Scout Tower
08:19 Scout Tower
08:19 Scout Tower
08:45 Guard Tower
08:45 Guard Tower
09:03 Gryphon Aviary
09:03 Gryphon Aviary
09:05 Gryphon Aviary
09:08 Castle
09:37 Guard Tower
09:40 Guard Tower
09:52 Arcane Vault
10:39 Gryphon Aviary
10:44 Blacksmith
10:49 Scout Tower
10:51 Scout Tower
10:51 Scout Tower
11:29 Guard Tower
13:00 Farm
13:01 Farm
13:02 Farm
13:02 Farm
13:02 Farm
13:24 Scout Tower
13:25 Scout Tower
13:25 Scout Tower
13:26 Scout Tower
13:27 Scout Tower
14:12 Arcane Sanctum
14:16 Keep
15:56 Guard Tower
19:15 Town Hall
19:37 Castle
20:12 Town Hall
20:34 Gryphon Aviary
20:35 Gryphon Aviary
20:36 Gryphon Aviary
29:13 Keep
31:39 Keep
» items
| Scroll of Regeneration | 2 | |
| Boots of Speed | 1 | |
| Staff of Teleportation | 1 | |
| Potion of Lesser Invulnerability | 2 | |
| Potion of Invisibility | 3 | |
| Tome of Retraining | 1 | |
| Lesser Clarity Potion | 1 | |
| Potion of Healing | 1 | |
| Scroll of Healing | 3 | |
15 total

»
Naxx (
red | 23 APM | 969 actions | 41:43)
3 Tauren Chieftain
2 Endurance Aura
1 Shockwave
» actions
| Assign group hotkey | 9 | |
| Basic commands | 20 | |
| Build / train | 50 | |
| Enter build submenu | 14 | |
| Enter hero's abilities submenu | 3 | |
| Right click | 338 | |
| Select / deselect | 241 | |
| Select group hotkey | 218 | |
| Use ability | 76 | |
969 total
» units
| Peon | 12 | |
| Shaman | 5 | |
| Troll Witch Doctor | 3 | |
| Spirit Walker | 2 | |
| Tauren | 4 | |
26 total
» upgrades
| Shaman Training | 2 | |
| Witch Doctor Training | 2 | |
| Spirit Walker Training | 2 | |
| Pulverize | 1 | |
| Reinforced Defenses | 1 | |
| Spiked Barricades | 1 | |
| Melee Weapons | 3 | |
| Armor | 3 | |
15 total
» buildings
| Altar of Storms | 1 | |
| Orc Burrow | 7 | |
| War Mill | 1 | |
| Stronghold | 1 | |
| Fortress | 3 | |
| Spirit Lodge | 3 | |
| Tauren Totem | 2 | |
18 total
» build order
00:08 Altar of Storms
00:10 Orc Burrow
02:35 Orc Burrow
04:16 War Mill
04:18 Stronghold
04:48 Orc Burrow
06:40 Fortress
06:40 Fortress
07:01 Spirit Lodge
07:22 Spirit Lodge
07:44 Spirit Lodge
09:53 Orc Burrow
09:54 Orc Burrow
10:09 Tauren Totem
10:38 Tauren Totem
10:44 Orc Burrow
14:20 Orc Burrow
WILLYHUD (
yellow | 37 APM | 1583 actions | 42:50)
5 Paladin
1 Holy Light
1 Divine Shield
3 Devotion Aura
» actions
| Assign group hotkey | 60 | |
| Build / train | 112 | |
| Enter build submenu | 33 | |
| Enter hero's abilities submenu | 6 | |
| Right click | 362 | |
| Select / deselect | 494 | |
| Select group hotkey | 436 | |
| Use ability | 80 | |
1583 total
» units
| Peasant | 15 | |
| Footman | 9 | |
| Priest | 6 | |
| Knight | 16 | |
| Siege Engine | 12 | |
| Mortar Team | 11 | |
| Mur'gul Snarecaster | 2 | |
| Makrura Snapper | 1 | |
| Giant Sea Turtle | 1 | |
| Makrura Deepseer | 1 | |
74 total
» upgrades
| Masonry | 3 | |
| Swords | 3 | |
| Plating | 3 | |
| Defend | 1 | |
| Priest Training | 2 | |
| Lumber Harvesting | 2 | |
| Barrage | 1 | |
| Backpack | 1 | |
| Animal War Training | 1 | |
| Fragmentation Shards | 1 | |
| Flare | 1 | |
19 total
» buildings
| Altar of Kings | 1 | |
| Farm | 13 | |
| Barracks | 2 | |
| Scout Tower | 8 | |
| Lumber Mill | 2 | |
| Arcane Tower | 1 | |
| Blacksmith | 1 | |
| Guard Tower | 7 | |
| Keep | 1 | |
| Arcane Vault | 1 | |
| Town Hall | 1 | |
| Castle | 1 | |
| Arcane Sanctum | 1 | |
| Workshop | 3 | |
43 total
» build order
00:12 Altar of Kings
00:26 Farm
00:37 Barracks
01:06 Farm
01:48 Farm
01:52 Scout Tower
02:19 Lumber Mill
02:23 Arcane Tower
02:26 Scout Tower
02:30 Farm
03:06 Blacksmith
03:16 Scout Tower
03:43 Guard Tower
03:49 Guard Tower
03:52 Farm
04:36 Keep
04:51 Barracks
06:01 Scout Tower
06:07 Arcane Vault
07:52 Town Hall
08:42 Castle
09:07 Arcane Sanctum
09:30 Guard Tower
11:01 Workshop
11:31 Farm
12:35 Farm
12:41 Lumber Mill
13:16 Scout Tower
13:21 Farm
13:58 Guard Tower
14:02 Scout Tower
14:06 Farm
14:36 Guard Tower
14:47 Farm
15:35 Farm
16:19 Workshop
17:57 Scout Tower
18:31 Scout Tower
20:00 Guard Tower
20:01 Guard Tower
20:05 Workshop
21:23 Farm
22:48 Farm
» items
team 2 (winner)
BrianBoru (
green | 81 APM | 4779 actions | 59:08)
9 Archmage
3 Summon Water Elemental
3 Brilliance Aura
2 Blizzard
1 Mass Teleport
8 Blood Mage
3 Flame Strike
3 Siphon Mana
1 Summon Phoenix
1 Banish
7 Pit Lord
3 Rain of Fire
3 Cleaving Attack
1 Doom
» actions
| Assign group hotkey | 76 | |
| Basic commands | 253 | |
| Build / train | 252 | |
| ESC pressed | 17 | |
| Enter build submenu | 72 | |
| Enter hero's abilities submenu | 25 | |
| Give item / drop item | 36 | |
| Right click | 1900 | |
| Select / deselect | 745 | |
| Select group hotkey | 843 | |
| Use ability | 557 | |
4779 total
» units
| Peasant | 17 | |
| Footman | 3 | |
| Goblin Shredder | 5 | |
| Goblin Zeppelin | 38 | |
| Sorceress | 1 | |
| Dragonhawk Rider | 3 | |
| Blue Dragon | 3 | |
| Gryphon Rider | 3 | |
| Goblin Sapper | 4 | |
77 total
» upgrades
| Masonry | 4 | |
| Swords | 3 | |
| Armor | 3 | |
| Lumber Harvesting | 2 | |
| Sorceress Training | 2 | |
| Magic Sentry | 1 | |
| Cloud | 1 | |
| Storm Hammers | 1 | |
| Animal War Training | 1 | |
18 total
» buildings
| Altar of Kings | 2 | |
| Barracks | 1 | |
| Farm | 8 | |
| Arcane Vault | 2 | |
| Lumber Mill | 1 | |
| Town Hall | 4 | |
| Scout Tower | 63 | |
| Guard Tower | 78 | |
| Keep | 3 | |
| Blacksmith | 1 | |
| Castle | 2 | |
| Arcane Sanctum | 1 | |
| Gryphon Aviary | 4 | |
| Arcane Tower | 2 | |
172 total
» build order
00:54 Altar of Kings
00:55 Barracks
00:57 Farm
01:08 Farm
01:12 Farm
02:19 Arcane Vault
02:37 Farm
04:31 Lumber Mill
04:56 Town Hall
05:09 Scout Tower
05:11 Scout Tower
05:12 Scout Tower
05:13 Scout Tower
05:15 Scout Tower
05:18 Scout Tower
05:20 Scout Tower
05:21 Scout Tower
05:22 Scout Tower
05:50 Guard Tower
05:51 Guard Tower
05:51 Guard Tower
05:51 Guard Tower
05:52 Guard Tower
05:56 Guard Tower
05:56 Guard Tower
06:13 Guard Tower
06:20 Guard Tower
06:20 Guard Tower
06:20 Guard Tower
06:20 Guard Tower
06:24 Guard Tower
06:24 Guard Tower
06:24 Guard Tower
06:34 Guard Tower
06:34 Guard Tower
07:08 Guard Tower
07:08 Guard Tower
07:55 Farm
08:06 Keep
08:06 Keep
08:58 Scout Tower
08:59 Scout Tower
09:00 Scout Tower
09:03 Scout Tower
09:04 Scout Tower
09:46 Guard Tower
09:46 Guard Tower
09:47 Guard Tower
09:53 Scout Tower
09:56 Scout Tower
09:57 Scout Tower
09:59 Scout Tower
10:21 Blacksmith
10:43 Guard Tower
10:43 Guard Tower
11:13 Castle
11:28 Arcane Sanctum
11:38 Guard Tower
11:39 Guard Tower
11:40 Guard Tower
11:40 Guard Tower
11:41 Guard Tower
14:08 Scout Tower
14:15 Gryphon Aviary
14:21 Gryphon Aviary
14:23 Gryphon Aviary
14:44 Scout Tower
14:45 Scout Tower
14:46 Scout Tower
14:48 Scout Tower
14:49 Scout Tower
14:50 Scout Tower
16:03 Guard Tower
16:03 Guard Tower
16:03 Guard Tower
16:17 Scout Tower
16:18 Scout Tower
16:19 Scout Tower
16:20 Scout Tower
17:28 Guard Tower
18:20 Town Hall
18:21 Scout Tower
18:22 Scout Tower
18:23 Scout Tower
18:24 Scout Tower
18:25 Scout Tower
18:25 Scout Tower
18:26 Scout Tower
18:27 Scout Tower
18:28 Scout Tower
18:29 Scout Tower
18:31 Scout Tower
18:31 Scout Tower
18:32 Scout Tower
18:33 Scout Tower
18:34 Scout Tower
18:35 Scout Tower
18:38 Farm
18:40 Farm
18:42 Farm
18:56 Guard Tower
18:56 Guard Tower
19:14 Gryphon Aviary
19:25 Guard Tower
19:26 Guard Tower
19:26 Guard Tower
19:27 Guard Tower
19:27 Guard Tower
19:27 Guard Tower
19:59 Guard Tower
20:00 Guard Tower
20:00 Guard Tower
21:40 Guard Tower
21:40 Guard Tower
21:40 Guard Tower
24:02 Arcane Vault
30:12 Scout Tower
30:19 Town Hall
30:21 Scout Tower
30:22 Scout Tower
30:23 Scout Tower
30:23 Scout Tower
30:25 Scout Tower
30:25 Scout Tower
30:26 Scout Tower
30:59 Guard Tower
30:59 Guard Tower
31:02 Guard Tower
31:02 Guard Tower
31:02 Guard Tower
31:05 Town Hall
32:05 Scout Tower
32:06 Scout Tower
32:07 Scout Tower
32:08 Scout Tower
32:08 Scout Tower
32:17 Scout Tower
32:19 Scout Tower
32:19 Scout Tower
32:20 Scout Tower
33:26 Guard Tower
33:27 Guard Tower
34:36 Guard Tower
34:37 Guard Tower
34:37 Guard Tower
34:48 Scout Tower
40:20 Altar of Kings
54:53 Guard Tower
54:54 Arcane Tower
54:55 Arcane Tower
» items
| Scroll of Regeneration | 8 | |
| Mechanical Critter | 2 | |
| Tome of Retraining | 1 | |
| Scroll of Town Portal | 4 | |
| Staff of Teleportation | 3 | |
| Periapt of Vitality | 2 | |
| Boots of Speed | 2 | |
| Staff of Sanctuary | 1 | |
| Orb of Fire | 1 | |
24 total
Jubes (
purple | 33 APM | 1939 actions | 59:08)
5 Blood Mage
2 Siphon Mana
2 Flame Strike
1 Summon Phoenix
» actions
| Basic commands | 159 | |
| Build / train | 45 | |
| Enter build submenu | 59 | |
| Enter hero's abilities submenu | 5 | |
| Give item / drop item | 2 | |
| Remove unit from queue | 1 | |
| Right click | 1212 | |
| Select / deselect | 380 | |
| Use ability | 76 | |
1939 total
» units
» upgrades
| Swords | 1 | |
| Armor | 1 | |
| Storm Hammers | 1 | |
3 total
» buildings
| Lumber Mill | 2 | |
| Farm | 15 | |
| Keep | 2 | |
| Scout Tower | 29 | |
| Castle | 1 | |
| Gryphon Aviary | 3 | |
| Blacksmith | 1 | |
| Guard Tower | 6 | |
| Town Hall | 2 | |
| Altar of Kings | 1 | |
62 total
» build order
00:21 Lumber Mill
01:20 Farm
01:50 Farm
01:58 Farm
02:39 Farm
04:19 Keep
06:18 Scout Tower
06:19 Scout Tower
06:24 Scout Tower
06:26 Scout Tower
06:28 Scout Tower
06:30 Scout Tower
06:32 Scout Tower
06:41 Castle
06:44 Gryphon Aviary
06:48 Blacksmith
06:51 Gryphon Aviary
06:58 Scout Tower
06:59 Scout Tower
07:02 Scout Tower
07:03 Scout Tower
07:06 Scout Tower
07:10 Scout Tower
07:13 Scout Tower
07:17 Scout Tower
07:20 Guard Tower
07:34 Guard Tower
07:47 Scout Tower
07:47 Scout Tower
07:49 Scout Tower
07:51 Guard Tower
07:55 Scout Tower
07:57 Scout Tower
07:58 Scout Tower
08:01 Scout Tower
08:15 Gryphon Aviary
08:26 Guard Tower
08:29 Scout Tower
08:30 Scout Tower
08:31 Scout Tower
08:35 Scout Tower
08:38 Scout Tower
08:41 Scout Tower
08:41 Scout Tower
08:44 Guard Tower
09:22 Guard Tower
10:28 Farm
10:29 Farm
11:27 Farm
11:28 Farm
11:30 Farm
13:54 Farm
14:31 Farm
15:33 Farm
20:33 Farm
21:01 Town Hall
24:51 Farm
26:57 Farm
39:20 Town Hall
41:14 Keep
41:51 Lumber Mill
43:46 Altar of Kings
» items

»
macrostb (
teal | 44 APM | 2589 actions | 59:08)
6 Paladin
3 Holy Light
2 Divine Shield
1 Resurrection
» actions
| Assign group hotkey | 50 | |
| Basic commands | 558 | |
| Build / train | 106 | |
| Enter build submenu | 69 | |
| Enter hero's abilities submenu | 6 | |
| Remove unit from queue | 4 | |
| Right click | 421 | |
| Select / deselect | 518 | |
| Select group hotkey | 743 | |
| Use ability | 113 | |
2589 total
» units
| Peasant | 15 | |
| Mortar Team | 8 | |
| Siege Engine | 5 | |
| Goblin Zeppelin | 7 | |
| Gryphon Rider | 1 | |
36 total
» upgrades
| Masonry | 3 | |
| Lumber Harvesting | 2 | |
| Gunpowder | 3 | |
| Armor | 3 | |
| Fragmentation Shards | 1 | |
| Flare | 1 | |
| Barrage | 1 | |
| Plating | 3 | |
17 total
» buildings
| Lumber Mill | 1 | |
| Farm | 11 | |
| Scout Tower | 38 | |
| Guard Tower | 29 | |
| Arcane Vault | 2 | |
| Altar of Kings | 1 | |
| Arcane Tower | 6 | |
| Keep | 1 | |
| Blacksmith | 1 | |
| Castle | 1 | |
| Workshop | 3 | |
| Cannon Tower | 1 | |
| Town Hall | 2 | |
97 total
» build order
00:27 Lumber Mill
00:34 Farm
01:08 Scout Tower
01:16 Farm
01:34 Scout Tower
02:05 Scout Tower
02:07 Guard Tower
02:23 Scout Tower
02:35 Guard Tower
02:37 Scout Tower
02:49 Arcane Vault
02:55 Altar of Kings
03:01 Guard Tower
03:05 Scout Tower
03:21 Arcane Tower
03:24 Scout Tower
03:34 Scout Tower
03:36 Guard Tower
03:47 Arcane Tower
04:09 Scout Tower
04:10 Guard Tower
04:15 Scout Tower
04:16 Guard Tower
04:36 Scout Tower
04:37 Guard Tower
04:43 Scout Tower
04:44 Guard Tower
05:02 Scout Tower
05:04 Guard Tower
05:09 Scout Tower
05:11 Guard Tower
05:17 Keep
05:45 Guard Tower
05:50 Scout Tower
06:02 Scout Tower
06:04 Guard Tower
06:11 Blacksmith
06:20 Scout Tower
06:22 Arcane Tower
06:29 Scout Tower
06:31 Arcane Tower
06:52 Scout Tower
06:55 Guard Tower
06:59 Scout Tower
07:01 Guard Tower
07:24 Guard Tower
07:27 Scout Tower
07:31 Scout Tower
07:33 Guard Tower
07:59 Scout Tower
08:00 Guard Tower
08:09 Guard Tower
08:56 Castle
09:00 Guard Tower
09:14 Scout Tower
09:54 Arcane Vault
10:00 Guard Tower
10:33 Workshop
10:34 Workshop
10:36 Workshop
11:05 Scout Tower
11:37 Farm
11:40 Scout Tower
11:44 Scout Tower
11:51 Cannon Tower
11:53 Scout Tower
12:27 Arcane Tower
12:32 Scout Tower
12:56 Farm
13:09 Guard Tower
13:16 Scout Tower
13:42 Scout Tower
13:46 Guard Tower
13:50 Scout Tower
14:06 Farm
14:13 Guard Tower
14:25 Guard Tower
14:33 Scout Tower
14:35 Scout Tower
14:38 Guard Tower
17:07 Farm
19:24 Town Hall
20:12 Guard Tower
20:17 Farm
20:33 Scout Tower
21:23 Scout Tower
21:25 Guard Tower
23:00 Scout Tower
23:02 Guard Tower
23:08 Farm
25:32 Scout Tower
25:33 Arcane Tower
25:35 Farm
26:44 Farm
26:46 Guard Tower
26:50 Farm
28:57 Town Hall
» items
| Boots of Speed | 1 | |
| Staff of Teleportation | 1 | |
| Lesser Clarity Potion | 1 | |
| Orb of Fire | 1 | |
4 total
RIPieces (
pink | 24 APM | 76 actions | 03:11)
1 Blood Mage
1 Flame Strike
» actions
| Basic commands | 5 | |
| Build / train | 13 | |
| Enter build submenu | 5 | |
| Enter hero's abilities submenu | 1 | |
| Right click | 10 | |
| Select / deselect | 33 | |
| Use ability | 9 | |
76 total
» units
» buildings
| Altar of Kings | 1 | |
| Farm | 2 | |
| Lumber Mill | 1 | |
| Scout Tower | 1 | |
| Arcane Tower | 1 | |
6 total
» build order
00:22 Altar of Kings
00:39 Farm
00:56 Lumber Mill
01:16 Farm
01:26 Scout Tower
02:00 Arcane Tower
Chat log
(00:11 / Allies) sj_408: sup
(00:16 / Allies) Naxx: sup
(00:23 / All) sj_408: ive played u b4 ripieces
(00:26 / Allies) AKA-FREAK.: aa here
(00:33 / All) BrianBoru: I'm playing all of you this game
(00:34 / All) Jubes: ripieces is about to lose!
(00:37 / All) BrianBoru: You're all my playthings
(00:56 / Allies) sj_408: foots to knights here
(00:58 / Allies) sj_408: ty
(00:58 / All) Jubes: ahhh yes he is
(01:05 / Allies) AKA-FREAK.: who wants to feed me
(01:25 / Allies) AKA-FREAK.: good work
(01:27 / Allies) sj_408: u dont have to feed me red
(01:39 / Allies) AKA-FREAK.: just feed me red
(01:43 / Allies) AKA-FREAK.: my brother is rank 1 solo
(02:07 / Allies) WILLYHUD: knights casters
(02:13 / All) RIPieces: spanked the crap out of purple
(02:15 / Allies) sj_408: ill get rifles then
(02:18 / All) RIPieces: taught him a lesson
(02:24 / All) Jubes: tked :(
(02:45 / Allies) sj_408: ripieces is good
(02:59 / All) RIPieces: purple is a "natural born loser"
(03:03 / All) RIPieces: pay him no mind
(03:06 / All) Jubes: how did he iknow that!
(03:11 / All) Jubes: i just made this account!
(03:45 / All) Jubes: that fuckers getting the L
(04:03 / Allies) sj_408: yellow
(04:20 / Allies) sj_408: fuck im high lol
(04:22 / Allies) AKA-FREAK.: feed plz
(05:17 / All) AKA-FREAK.: fav zombie movie?
(05:36 / All) Naxx: resient evil
(05:44 / Allies) Naxx: any of them, last one was kind of shitty though
(05:51 / Allies) sj_408: yellow
(05:57 / Allies) sj_408: we should hit soon
(05:58 / All) Jubes: hmm fav zombie movie...
(06:09 / All) Jubes: I'd have to say...
(06:11 / All) Jubes: anchorman
(07:08 / Allies) AKA-FREAK.: wood
(07:32 / Allies) AKA-FREAK.: tp plz?
(08:12 / Allies) WILLYHUD: omg
(08:54 / Allies) sj_408: '
(08:57 / Allies) sj_408: lumber plz
(09:09 / Allies) sj_408: ty
(10:11 / Allies) sj_408: we need to hit
(10:16 / Allies) AKA-FREAK.: jus tcc
(10:19 / Allies) AKA-FREAK.: we dont have any armies
(10:51 / Allies) WILLYHUD: they got mass towers
(10:57 / All) AKA-FREAK.: tower noobs!
(11:00 / Allies) sj_408: ill get morts
(11:23 / Allies) sj_408: we are prolly gonna need alot of aa too
(11:39 / Allies) WILLYHUD: ill get tanks
(12:19 / Allies) Naxx: gold?
(12:40 / Allies) Naxx: blue gold me pease
(12:55 / Allies) WILLYHUD: they harrassing blue down here
(13:43 / Allies) Naxx: blue
(13:45 / Allies) Naxx: gold please
(13:54 / Allies) WILLYHUD: i need lumber
(13:59 / Allies) WILLYHUD: bad
(14:41 / Allies) sj_408: blue just hit with gryphs
(15:06 / Allies) WILLYHUD: no aa down here
(15:18 / Allies) sj_408: b
(15:45 / Allies) WILLYHUD: hit?
(15:54 / Allies) Naxx: no aa
(16:02 / Allies) WILLYHUD: wait then
(17:00 / Allies) AKA-FREAK.: heal me
(17:13 / Allies) WILLYHUD: opmg
(17:20 / All) AKA-FREAK.: WTF
(17:22 / All) AKA-FREAK.: TOWER NOOB
(17:30 / Allies) WILLYHUD: we need morts
(18:14 / Allies) WILLYHUD: this whole game has been a noob fest
(18:16 / Allies) sj_408: we got this
(18:45 / Allies) Naxx: omgggggg
(19:00 / Allies) sj_408: tp to blues espo now
(19:04 / All) AKA-FREAK.: PINK ISCRAZY
(19:14 / Allies) WILLYHUD: stay back
(19:18 / All) Jubes: oj is bad
(19:26 / Allies) WILLYHUD: just build tanks and morts
(19:40 / Allies) WILLYHUD: back
(19:54 / All) AKA-FREAK.: im lvl 6
(20:02 / All) Jubes: i want lvl 6
(20:10 / All) BrianBoru: I want trihero that's all at least level 3
(20:28 / Allies) sj_408: lets attack already
(20:40 / Allies) WILLYHUD: it's a lot of towers...
(20:44 / Allies) WILLYHUD: what about north side?
(20:54 / Allies) WILLYHUD: yeah
(21:52 / Allies) WILLYHUD: more towers
(22:21 / Allies) sj_408: tp
(22:29 / Allies) AKA-FREAK.: i got it
(22:33 / Allies) WILLYHUD: 1
(22:37 / Allies) WILLYHUD: oops
(23:21 / Allies) sj_408: we need to attack or they will win
(25:05 / Allies) Naxx: blue you fucking suck ass
(25:09 / Allies) AKA-FREAK.: what
(25:18 / Allies) sj_408: u have 8000 gold dude
(25:18 / All) Jubes: red sux
(25:19 / Allies) Naxx: all your shit just got ducking pwned
(25:20 / Allies) sj_408: build grypsh
(25:55 / All) Jubes: red aa
(25:56 / All) Jubes: may help
(25:58 / All) Jubes: you know
(26:09 / Allies) sj_408: imma mass hovers
(26:13 / Allies) sj_408: and try to get there expos
(26:18 / Allies) Naxx: this is fucking pathetic
(26:20 / Allies) AKA-FREAK.: sounds like a plan
(26:24 / Allies) Naxx: it's 3v4 and we're losing
(26:24 / Allies) AKA-FREAK.: we are doing good relax
(26:36 / Allies) sj_408: all there money is in towers
(26:39 / Allies) sj_408: we can win this
(26:45 / Allies) sj_408: but we need to end this shit quick
(26:56 / Allies) AKA-FREAK.: watch me rape them
(26:57 / Allies) AKA-FREAK.: 1v4
(27:48 / Allies) AKA-FREAK.: fuck
(27:52 / Allies) AKA-FREAK.: i didnt see they hasd towers at top
(27:58 / All) Jubes: oj he could have used that a while ago
(27:59 / Allies) WILLYHUD: yep
(28:10 / Allies) WILLYHUD: let's just attack
(29:13 / All) Jubes: red 0/0?
(29:31 / All) Jubes: LOL OJ
(29:53 / All) Naxx: blue has fucking 13k gold
(29:59 / Allies) WILLYHUD: geex
(30:12 / All) Jubes: ho wmuch you got red?
(30:24 / Allies) WILLYHUD: blue! build lots of barracks
(30:29 / Allies) AKA-FREAK.: ok
(31:13 / All) BrianBoru: Now you die teal
(31:13 / Allies) WILLYHUD: chop me out oj
(31:15 / Allies) sj_408: THIS IS TAKING WAY TO FUCKING LONG.
(31:29 / Allies) AKA-FREAK.: we got it
(32:10 / Allies) sj_408: but we need to attack together
(32:16 / Allies) AKA-FREAK.: i got mass tp
(32:20 / Allies) AKA-FREAK.: so i can help whenever
(32:52 / Allies) sj_408: well im pretty much almost outtta gold so lol
(33:21 / Allies) AKA-FREAK.: where is reds army
(33:23 / Allies) AKA-FREAK.: we need him
(33:37 / Allies) Naxx: you didn't save my base you moron
(33:39 / Allies) Naxx: i'm done
(33:39 / Allies) WILLYHUD: gold mine collapsed
(33:47 / Allies) sj_408: we need to attack now
(33:56 / Allies) sj_408: meet
(34:10 / Allies) WILLYHUD: oj move peasants
(34:28 / All) AKA-FREAK.: lol
(34:31 / All) AKA-FREAK.: good bye sapper
(34:40 / Allies) WILLYHUD: they're out of gold too
(34:44 / Allies) WILLYHUD: sending us peasants
(34:56 / Allies) sj_408: everyone meet
(35:23 / Allies) WILLYHUD: thisi s it
(35:43 / Allies) WILLYHUD: run past towers
(36:38 / Allies) sj_408: blue wtf are you doinbg dude
(36:40 / Allies) sj_408: fucking b uil
(37:02 / Allies) WILLYHUD: jesus
(37:03 / All) AKA-FREAK.: time for fat boy to enter the arena
(37:04 / Allies) sj_408: i have nothing....
(37:10 / All) BrianBoru: I raped your whole team with just heroes
(37:21 / Allies) sj_408: gold me blue
(37:25 / Allies) sj_408: i need gold to rebuild
(37:38 / Allies) sj_408: ...
(38:06 / All) AKA-FREAK.: christmas time and this guy keeps saying i want more more more
(39:00 / All) Jubes: teal may be crying
(39:11 / Allies) WILLYHUD: blue
(39:15 / Allies) WILLYHUD: come now
(39:24 / All) Jubes: ah the standoff
(39:35 / All) Jubes: you just killed someone who didn't tks units
(39:36 / Allies) WILLYHUD: BLUE
(39:38 / Allies) WILLYHUD: GRYPH!!!
(39:39 / All) Jubes: aka me using pinks
(39:45 / Allies) WILLYHUD: christ
(39:48 / All) AKA-FREAK.: teal
(39:49 / All) AKA-FREAK.: 29:21 / All) macrostb: they are trying to do the tie bullshit, i knew it(29:27 / All) macrostb: you are some demented fucks
(40:01 / All) Jubes: LOL
(40:11 / All) AKA-FREAK.: good evening teal
(40:12 / All) AKA-FREAK.: 29:21 / All) macrostb: they are trying to do the tie bullshit, i knew it(29:27 / All) macrostb: you are some demented fucks
(40:23 / Allies) WILLYHUD: omg i didn't realize there was a roost here
(40:31 / Allies) sj_408: roost?
(40:32 / Allies) WILLYHUD: that changes everything
(40:36 / Allies) WILLYHUD: dragon roost
(40:36 / All) AKA-FREAK.: gl getting the roost
(40:48 / All) AKA-FREAK.: yellow just found out this map has a roost in middle
(40:49 / Allies) WILLYHUD: should have done that
(41:01 / Allies) WILLYHUD: this game is terrible
(41:19 / Allies) WILLYHUD: gold me
(41:23 / Allies) WILLYHUD: 400
(41:30 / All) Jubes: now that i can't have some fag controlling my units
(41:43 / All) macrostb: pink towers are dying on bottom
(41:44 / All) Jubes: well red loses standoff
(42:10 / Allies) sj_408: tp to my base blue
(43:28 / All) macrostb: only 1 tower bottom
(43:35 / All) AKA-FREAK.: i see
(43:44 / All) AKA-FREAK.: teal u dont remember us?
(43:50 / All) BrianBoru: MERRY CHRISTMAS EVERYONE! You had the honour of playing with us!
(43:55 / All) AKA-FREAK.: the standoff tie bullshit
(44:02 / All) BrianBoru: tasty mortars
(44:16 / All) macrostb: is green part of it?
(44:22 / All) Jubes: nope
(44:24 / Allies) sj_408: blue fucking ghelp
(44:25 / All) Jubes: of course not
(44:25 / Allies) sj_408: wtf
(44:26 / All) macrostb: ok then good
(44:32 / All) AKA-FREAK.: y?
(44:34 / All) macrostb: i just want him to lose
(44:35 / All) AKA-FREAK.: u dont like green?
(44:39 / All) Jubes: lol
(44:54 / All) Jubes: teal doyou have jubes
(44:55 / All) Jubes: ?
(45:08 / All) Jubes: LOL
(45:10 / All) Jubes: wow
(45:10 / Allies) sj_408: ur a fucking dick blue
(45:14 / All) AKA-FREAK.: OLOL
(45:21 / All) AKA-FREAK.: "UR A FUCKING DICK BLUE" - OJ
(45:42 / All) sj_408: blues just mad because he has a small penis
(45:43 / All) BrianBoru: 4 TIMES AOE!
(45:46 / All) Jubes: LOL
(45:48 / All) Jubes: LOL
(45:54 / All) AKA-FREAK.: actually i have a 4.4 inch one oj
(46:01 / All) BrianBoru: let's see how fast I can kill some farms
(46:13 / All) BrianBoru: lol
(46:15 / All) sj_408: hope you guys know ur getting reported
(46:22 / All) Jubes: hahahahahahahahaha
(46:33 / All) Jubes: standoff it is
(47:20 / All) AKA-FREAK.: rapeeeeee
(47:21 / All) BrianBoru: that is so ridiculous
(47:21 / All) Jubes: but
(47:22 / All) Jubes: but
(47:27 / All) Jubes: i dont want my cd key banned
(47:47 / All) sj_408: ur whole team and blue
(47:52 / All) AKA-FREAK.: ya?
(47:56 / All) BrianBoru: You just figure that out teal
(47:57 / All) BrianBoru: ?
(48:00 / All) Jubes: make sure you report pink/teal
(48:07 / All) AKA-FREAK.: technically their team didnt do anyting werong o lol
(48:11 / All) macrostb: why would you report me?
(48:18 / All) BrianBoru: You tked me
(48:20 / All) BrianBoru: stole my expo
(48:25 / All) BrianBoru: then killed it after I took what was rightfully mine
(48:27 / All) Jubes: im a witness
(48:33 / All) macrostb: no you tkd me and you are gay as fuck
(48:42 / All) macrostb: as are you blue
(48:44 / All) Jubes: and you are homophobic
(49:26 / All) AKA-FREAK.: teal do u remember that game
(49:31 / All) macrostb: yea
(49:39 / All) AKA-FREAK.: that was a close ass game
(49:45 / All) macrostb: yea
(50:16 / All) BrianBoru: Jesus
(50:18 / All) AKA-FREAK.: apparently oj is rebelling against us by massing farms all over map
(50:20 / All) BrianBoru: That plows down buildings right quick
(50:25 / All) AKA-FREAK.: yes i know
(50:37 / All) AKA-FREAK.: do it on my archmage
(50:38 / All) AKA-FREAK.: gogo
(50:57 / All) Jubes: lol
(50:57 / All) BrianBoru: If I had gotten banish instead of siphon
(51:03 / All) BrianBoru: I bet it would kill something even more ridiculously
(51:07 / All) BrianBoru: I could get a tome for it but late now
(51:22 / All) BrianBoru: oh I have level 1 banish now I don't think there's a level 1 -3 difference for the bonus is there?
(51:30 / All) AKA-FREAK.: i think there is
(51:49 / All) macrostb: so who is left on your side for me to battle with? orange?
(51:56 / All) Jubes: LOL
(51:59 / All) macrostb: i have a good internet connection
(52:09 / All) AKA-FREAK.: did u win last one?
(52:34 / All) Jubes: yellow has farms
(52:36 / All) macrostb: no I think i was drophacked
(52:51 / All) BrianBoru: kill your last farm jake
(52:53 / All) AKA-FREAK.: oh u were lagging and nobody dropped u
(53:07 / All) AKA-FREAK.: everyyone got a loss that game
(53:23 / All) Jubes: well gents we are almost ready
(53:28 / All) AKA-FREAK.: oj has 2 food somewhere
(53:42 / All) BrianBoru: 1 peasant in the middle of the map
(53:44 / All) Jubes: he has a farm building bottom
(53:55 / All) BrianBoru: omw to get it
(53:58 / All) BrianBoru: Not sure where the other food is
(54:11 / All) BrianBoru: He has 38 gold and no way to mine though
(54:15 / All) BrianBoru: if he keeps ap easant nothing he can do
(54:20 / All) AKA-FREAK.: orange
(54:27 / All) AKA-FREAK.: let me explain what is happening
(54:32 / All) AKA-FREAK.: i am not the dick u think i am
(54:37 / All) BrianBoru: lemme get that hall
(54:39 / All) AKA-FREAK.: we will be killing ALL units
(54:51 / All) AKA-FREAK.: and leaving a couple builidngs
(54:54 / All) AKA-FREAK.: then leaving the game
(55:03 / All) AKA-FREAK.: it is teal vs u, who has the best internet connection
(55:09 / All) BrianBoru: My side done except my heroes I think
(55:12 / All) BrianBoru: just that 1 orange food
(55:18 / All) BrianBoru: oh nvm he's 0/0
(55:23 / All) BrianBoru: Yellow 0/0
(55:24 / All) AKA-FREAK.: can i leave a shredder?
(55:25 / All) Jubes: oj has farm almost done but no peasant
(55:34 / All) BrianBoru: Teal has nothing, our friend Edward Snowden has nothing
(55:38 / All) BrianBoru: Yeah
(55:50 / All) BrianBoru: I'll leave them some critters and zeppelins to toy with too
(55:51 / All) BrianBoru: teal
(56:18 / All) Jubes: orange hows your internet?
(56:21 / All) Jubes: is oj talking?
(56:26 / All) AKA-FREAK.: hes "afk"
(56:29 / All) AKA-FREAK.: so yes
(56:43 / All) BrianBoru: You have 9k and 4k wood now teal, build me a zeppelin fleet when I go
(56:49 / All) AKA-FREAK.: can i leave the shredder
(57:32 / All) AKA-FREAK.: i expect to wake up tomorrow and see this game still going
(57:34 / All) AKA-FREAK.: gentlemen
(57:46 / All) BrianBoru: oh I have food somewhere
(57:56 / All) Jubes: le us know the victor when you see
(58:08 / All) BrianBoru: OH
(58:11 / All) BrianBoru: I forgot at the fountain
(58:15 / All) BrianBoru: that's not 20 though
(58:24 / All) BrianBoru: ty
(58:44 / All) AKA-FREAK.: i see u highlighting my zep oj lol
(58:53 / All) BrianBoru: That's it
(58:58 / All) AKA-FREAK.: we done?
(59:03 / All) BrianBoru: Yeah
(59:06 / All) AKA-FREAK.: upload this shit on high perch